 Dungeon Crawl Stone Soup version bcrawl-1.21.3 (webtiles) character file.

Game seed: 12736636090618031168

34 Flugslaktarn the Sneak (level 3, -1/23 HPs)
             Began as a Skeleton Archaeologist on Mar 30, 2020.
             Slain by a worm (3 damage)
             ... on level 2 of the Dungeon.
             The game lasted 00:00:48 (1569 turns).

Flugslaktarn the Sneak (Skeleton Archaeologist)     Turns: 1569, Time: 00:00:48

Health: -1/23      AC:  8    Str: 18      XL:     3   Next: 14%
Magic:  0/3        EV: 11    Int: 11 (12) God:
Gold:   39         SH:  0    Dex:  6 (7)  Spells: 2/2 levels left

rFire    . . .     SeeInvis .   m - -3 spear (curse)
rCold    + . .     Gourm    .   (no shield)
rNeg     + + +     Faith    .   i - +0 ring mail
rPois    ∞         Spirit   +   c - +1 hat
rElec    .         Reflect  .   (no cloak)
rCorr    .         Harm     .   (no gloves)
MR       .....                  d - +1 pair of boots
Stlth    ++........             (no amulet)
HPRegen  0.07/turn              (no ring)
MPRegen  0.08/turn              (no ring)

@: no status effects
A: no food or potions, cold resistance 1, deterioration 1, negative energy
resistance 3, torment resistance, unbreathing, magic shield, sturdy frame 1,
spell healing
a: no special abilities


You were on level 2 of the Dungeon.
You were not hungry.

You visited 1 branch of the dungeon, and saw 2 of its levels.

You collected 39 gold pieces.

Inventory:

Hand Weapons
 a - a +0 whip
 m - a cursed -3 spear (weapon)
   (You found it on level 1 of the Dungeon)
Armour
 b - a +1 robe
 c - a +1 hat (worn)
 d - a +1 pair of boots (worn)
 i - a +0 ring mail (worn)
   (You found it on level 1 of the Dungeon)
Scrolls
 e - a scroll of magic mapping
 g - a scroll of blinking {unknown}
 h - 2 scrolls of teleportation {unknown}
 j - a scroll of fog {unknown}
 k - 2 scrolls of identify {unknown}
 l - a scroll of remove curse {unknown}
Miscellaneous
 f - a dusty tome


   Skills:
 + Level 3.1 Fighting
 - Level 1.2 Maces & Flails
 - Level 3.0 Dodging
 - Level 3.6 Stealth


You had 2 spell levels left.
You didn't know any spells.
Your spell library was empty.

Dungeon Overview and Level Annotations

Branches:
Dungeon (2/12)

Altars:


Innate Abilities, Weirdness & Mutations

You do not eat or drink.
You are immune to poison.
Your flesh is cold resistant. (rC+)
Your body sometimes deteriorates upon taking damage.
You are immune to negative energy. (rN+++)
You are immune to unholy pain and torment.
You can survive without breathing.
When hurt, damage is shared between your health and your magic reserves.
Your movements are slightly less encumbered by armour. (ER -2)
Casting spells heals you.


Message History

You hit the worm.
The worm is moderately wounded.
The bat closely misses you. The worm bites you.
* * * LOW HITPOINT WARNING * * *
You barely miss the worm.
The worm is lightly wounded.
The bat barely misses you.
You hit the worm.
The worm is moderately wounded.
The bat hits you but does no damage. The worm barely misses you.
You hit the worm.
The worm is moderately wounded.
The bat barely misses you. The worm closely misses you.
You hit the worm.
The worm is heavily wounded.
The bat hits you but does no damage.
You hit the worm.
The worm is severely wounded.
The bat hits you but does no damage. The worm bites you.
You die...

.. .. .. ## #. . #. ..
.#.. #. #.# .## .#.# # #
#.##.# ..#...##..
#.#.#....### ..#......
.$..##.....#####.b.#....
..............w@........
[............####.......
....>........##.........
......[<........###.#...
......†......#...# .# ..
..........$..#....# # .
.............# ##..
............>.. #
....##.....###.#


You could see a worm and a bat.

Vanquished Creatures
  A dart slug (D:1)
  A leopard gecko (D:2)
  A ball python (D:1)
  4 giant cockroaches
  3 goblins (D:1)
  3 bats (D:1)
  3 frilled lizards (D:1)
  2 kobolds (D:1)
  17 rats (D:1)
35 creatures vanquished.

Notes
Turn   | Place    | Note
-------+----------+-------------------------------------------
     0 | D:1      | Flugslaktarn the Skeleton Archaeologist began the quest for
                  | the Orb.
     0 | D:1      | Reached XP level 1. HP: 12/12 MP: 1/1
   280 | D:1      | Reached XP level 2. HP: 4/17 MP: 2/2
  1193 | D:1      | Reached XP level 3. HP: 23/23 MP: 3/3
  1569 | D:2      | Slain by a worm

Skill      XL: |  1  2 |
---------------+-------+-----
Fighting       | 2 3 |  3.1
Maces & Flails | |  1.2
Dodging        | |  3.0
Stealth        | |  3.6

Action                   || total
-------------------------++-------
Melee: Whip              ||   144
       Spear             ||    58
 Stab: Sleeping          ||     2
Armor: Robe              ||    37
       Ring mail         ||    90
Dodge: Dodged            ||   185
